 Dungeon Crawl Stone Soup version 0.31-a0-654-gbe3e110b4e (webtiles) character file.

Game seed: 9792420811775007794

1450 heikuro the Shield-Bearer (level 9, -2/69 HPs)
             Began as a Formicid Fighter on Aug 30, 2023.
             Slain by a gnoll sergeant
             ... wielding a +8 trident of venom
              (8 damage)
             ... on level 4 of the Dungeon.
             The game lasted 00:14:31 (4669 turns).

heikuro the Shield-Bearer (Formicid Fighter)        Turns: 4669, Time: 00:14:32

Health: -2/69      AC: 11    Str: 28    XL:     9   Next: 4%
Magic:  9/9        EV: 11    Int: 11    God:
Gold:   154        SH:  6    Dex: 13    Spells: 8/8 levels left

rFire   . . .        q - +6 mace of Eternal Vigilance {pain, Will+ Int+3}
rCold   + . .        c - +0 buckler
rNeg    + . .        o - +6 leather armour of the Saviour {rPois rN+ rCorr Str+3}
rPois   +            (helmet unavailable)
rElec   .            m - +0 cloak
rCorr   +            (no gloves)
SInv    +            (no boots)
Will    +....        t - amulet of magic regeneration
Stlth   +            l - ring of protection from cold
HPRegen 0.31/turn    (no ring)
MPRegen 0.51/turn

%: no passive effects
@: no status effects
A: permanent stasis, dig shafts and tunnels, antennae 3, four strong arms
a: Dig, Shaft Self


You were on level 4 of the Dungeon.
You visited 1 branch of the dungeon, and saw 8 of its levels.

You collected 154 gold pieces.

Inventory:

Hand Weapons
 a - a +0 war axe
 q - the +6 mace of Eternal Vigilance (weapon) {pain, Will+ Int+3}
   (You found it on level 3 of the Dungeon)

   Int+3:     It affects your intelligence (+3).
   Will+:     It increases your willpower.
Missiles
 e - 3 javelins
Armour
 c - a +0 buckler (worn)
 m - a +0 cloak (worn)
 o - the +6 leather armour of the Saviour (worn) {rPois rN+ rCorr Str+3}
   (You found it on level 2 of the Dungeon)

   Str+3:     It affects your strength (+3).
   rPois:     It protects you from poison rN+: It protects you from negative
   energy.
   rCorr:     It protects you from acid and corrosion.
Jewellery
 l - a ring of protection from cold (left hand)
 t - an amulet of magic regeneration (around neck)
 u - a ring of fire
Wands
 b - a wand of polymorph (4)
 s - a wand of mindburst (12)
Scrolls
 i - 2 scrolls of identify {unknown}
 k - a scroll of poison {unknown}
 p - a scroll of teleportation {unknown}
 r - a scroll of butterflies {unknown}
 w - a scroll of acquirement {unknown}
Potions
 d - a potion of might
 f - 2 potions of attraction {unknown}
 g - 2 potions of lignification {unknown}
 h - a potion of curing
 j - a potion of haste {unknown}
 n - a potion of degeneration {unknown}
 v - a potion of heal wounds {unknown}
 x - a potion of cancellation {unknown}


   Skills:
 + Level 6.1 Fighting
 * Level 6.9 Axes
 + Level 6.1 Armour
 + Level 7.3 Shields


You had 8 spell levels left.
You didn't know any spells.
Your spell library contained the following spells:

 Spells                   Type           Power      Damage    Failure   Level
 Apportation              Tloc           0%         N/A       41%         1
 Necrotise                Necr           0%         1d4       41%         1
 Summon Small Mammal      Summ           0%         N/A       41%         1
 Ignite Poison            Fire/Tmut/Pois 0%         N/A       80%         3
 Ozocubu's Armour         Ice            0%         N/A       80%         3
 Fireball                 Conj/Fire      0%         3d3       100%        5
 Iskenderun's Battlesphe  Conj           0%         2d6       100%        5
 Conjure Ball Lightning   Conj/Air       0%         3x3d6     100%        6
 Simulacrum               Ice/Necr       0%         N/A       100%        6
 Orb of Destruction       Conj           0%         9d5       100%        7


Dungeon Overview and Level Annotations

Branches:
Dungeon (8/15)
 Temple: D:4-7         Lair: D:8-11

Altars:

Annotations:
D:6 Jeremiah


Innate Abilities, Weirdness & Mutations

You cannot be hasted, slowed, berserked, paralysed or teleported.
You can dig through walls and to a lower floor.
You have a pair of large antennae on your head. (SInv)
Your four strong arms can wield two-handed weapons with a shield.


Message History

There is a stone staircase leading down, spattered with blood here.
You can't go up here!
You hit the gnoll sergeant.
The gnoll sergeant is lightly wounded.
The gnoll sergeant hits you with a +8 trident of venom!
You are poisoned.
The gnoll sergeant barely misses you.
You closely miss the gnoll sergeant.
The gnoll sergeant is lightly wounded.
You feel very sick. You block the gnoll sergeant's attack.
You hit the gnoll sergeant.
The gnoll sergeant is lightly wounded.
You feel sick.
The gnoll sergeant hits you with a +8 trident of venom!
You hit the gnoll sergeant.
The gnoll sergeant is moderately wounded.
You feel sick.
The gnoll sergeant hits you with a +8 trident of venom!
You barely miss the gnoll sergeant.
The gnoll sergeant is moderately wounded.
You feel sick.
The gnoll sergeant hits you with a +8 trident of venom!
* * * LOW HITPOINT WARNING * * *
You are lethally poisoned!
You hit the gnoll sergeant but do no damage.
The gnoll sergeant is moderately wounded.
* * * LOW HITPOINT WARNING * * *
You feel very sick.
The gnoll sergeant hits you with a +8 trident of venom!
* * * LOW HITPOINT WARNING * * *
The gnoll sergeant closely misses you.
Unknown command.
You feel better.
The gnoll sergeant hits you with a +8 trident of venom.
* * * LOW HITPOINT WARNING * * *
You hit the gnoll sergeant but do no damage.
The gnoll sergeant is moderately wounded.
The gnoll sergeant hits you with a +8 trident of venom!
You die...

########## #........#
#.######.# #.# #.# #.#
#.#
#########.######g####
......[.........@...#
.#######.......).##.# :#
#.........##.## .#
#####.............####
##
#.............##..#..# #
#............^.#..#..# #
#.................#..# #
#....)).......###.#..#
###.....)###.#......#..#


You could see a gnoll sergeant.

Vanquished Creatures
  Edmund (D:4)
  2 ice beasts (D:7)
  A black bear (D:4)
  3 centaurs
  An ogre (D:4)
  The ghost of olddryhag the Magician, an amateur OpHW (D:3)
  A bullfrog (D:7)
  A gnoll sergeant (D:4)
  Crazy Yiuf (D:2)
  An iguana (D:4)
  Natasha (thrice) (D:2)
  2 orc wizards (D:8)
  Robin (D:2)
  22 gnolls
  3 adders
  An ufetubus (D:5)
  4 worms
  4 dart slugs
  3 orcs
  8 endoplasms
  2 giant cockroaches
  12 goblins
  3 hobgoblins
  8 jackals
  5 quokkas
  6 ball pythons
  4 bats
  2 frilled lizards
  5 kobolds
  6 rats
117 creatures vanquished.

Notes
Turn   | Place    | Note
-------+----------+-------------------------------------------
     0 | D:1      | heikuro the Formicid Fighter began the quest for the Orb.
     0 | D:1      | Reached XP level 1. HP: 18/18 MP: 1/1
   157 | D:1      | Reached XP level 2. HP: 21/24 MP: 2/2
   337 | D:1      | Reached XP level 3. HP: 27/29 MP: 3/3
   651 | D:2      | Noticed Natasha
   655 | D:2      | Killed Natasha
   656 | D:2      | Reached XP level 4. HP: 28/37 MP: 4/4
   758 | D:3      | Reached XP level 5. HP: 13/42 MP: 5/5
  1032 | D:2      | Noticed Robin
  1037 | D:2      | Reached skill level 5 in Shields
  1047 | D:2      | Killed Robin
  1136 | D:2      | Got the Handbook of Phlogiston and Frost
  1503 | D:2      | Identified the +6 leather armour of the Saviour {rPois rN+
                  | rCorr Str+3}
  1509 | D:2      | Noticed Natasha
  1518 | D:2      | Killed Natasha
  1519 | D:2      | Reached XP level 6. HP: 32/48 MP: 6/6
  1607 | D:2      | Noticed Natasha
  1619 | D:2      | Killed Natasha
  1861 | D:2      | Found a runed translucent door.
  1862 | D:2      | Noticed Crazy Yiuf
  1869 | D:2      | Killed Crazy Yiuf
  2021 | D:3      | Found a runed translucent door.
  2026 | D:3      | Noticed olddryhag's ghost (amateur OpHW)
  2212 | D:3      | Identified the +6 mace of Eternal Vigilance {pain, Will+
                  | Int+3}
  2610 | D:4      | Noticed an ogre
  2616 | D:4      | Killed an ogre
  2617 | D:4      | Reached XP level 7. HP: 6/55 MP: 7/7
  3068 | D:4      | Reached skill level 5 in Axes
  3295 | D:4      | Reached skill level 6 in Shields
  3311 | D:4      | Noticed Edmund
  3325 | D:4      | Killed Edmund
  3326 | D:4      | Reached skill level 5 in Fighting
  3326 | D:4      | Reached skill level 5 in Armour
  3328 | D:4      | You fall into a shaft and drop 2 floors!
  3501 | D:6      | Noticed Jeremiah
  3505 | D:6      | You fall into a shaft and drop 2 floors!
  3710 | D:8      | Reached XP level 8. HP: 53/62 MP: 8/8
  3875 | D:5      | Entered Level 5 of the Dungeon
  3967 | D:4      | Reached skill level 7 in Shields
  4105 | D:3      | Killed olddryhag's ghost
  4485 | D:4      | Reached XP level 9. HP: 39/69 MP: 9/9
  4667 | D:4      | HP: 1/69 [gnoll sergeant/+8 trident of venom (8)]
  4669 | D:4      | Slain by a gnoll sergeant

Illustrated notes

Levels and vault maps discovered:
D:1:      dpeg_arrival_line_fractal, layout_basic
D:2:      layout_loops_corners, uniq_natasha, uniq_crazy_yiuf_cottage,
          uniq_robin
D:3:      layout_rooms, ebering_ghost_reflecting_pool
D:4:      layout_basic, uniq_edmund
D:5:      minmay_spotlight, layout_cave_pools, serial_column_ruins,
          column_ruins_open_small_water, column_ruins_corridor_straight,
          column_ruins_columns_dead_end, column_ruins_columns_straight,
          column_ruins_grid_1
D:6:      layout_loops_corners, nicolae_overflow_crystal_walls,
          minmay_temple_entry_butterflies, nicolae_shop_i_like_small_books_too,
          dreamdust_princess_bridge, uniq_sigmund, uniq_jeremiah
D:7:      kennysheep_housing_project, layout_basic,
          hangedman_decor_clover_reticule
D:8:      black_bear_nest_1, layout_basic, fedhas_ov_isle_minmay,
          uniq_prince_ribbit1, uniq_pikel, uniq_grum

Skill      XL: |  1  2  3  4  5  6  7  8 |
---------------+-------------------------+-----
Axes           | 3 4 5 6 |  6.9
Fighting       | 4 5 6 |  6.1
Armour         | 4 5 6 |  6.1
Shields        | 5 6 7 |  7.3

Action                     |  1- 3 |  4- 6 |  7- 9 || total
---------------------------+-------+-------+-------++-------
  Melee: War axe           |    67 |   124 |       ||   191
         Mace              |       |    18 |   154 ||   172
         Unarmed           |       |     4 |       ||     4
Ability: Shaft Self        |       |       |     2 ||     2
         Dig               |       |       |     2 ||     2
    Use: Potion            |       |       |     2 ||     2
 Armour: Scale mail        |    28 |    49 |       ||    77
         Leather armour    |       |     6 |    86 ||    92
         Skin              |       |     1 |       ||     1
  Dodge: Dodged            |    31 |    70 |    81 ||   182
  Block: Buckler           |    15 |    48 |    57 ||   120

Table legend: (Time is in decaauts)
 A = Elapsed time spent in this place.
 B = Non-inter-level travel time spent in this place.
 C = Inter-level travel time spent in this place.
 D = Time resting spent in this place.
 E = Time spent auto-exploring this place.
 F = Levels seen in this place.
 G = Mean time per level.
                   A        B        C        D        E       F      G
               +--------+--------+--------+--------+--------+-----+--------+
         Total |   4791 |   4675 |    116 |   1229 |   2099 |   8 |  598.9 |
       Dungeon |   4791 |   4675 |    116 |   1229 |   2099 |   8 |  598.9 |
               +--------+--------+--------+--------+--------+-----+--------+

Top non-repeatable levels by time:
     D:2: 1275 daAuts
     D:4: 1171 daAuts
     D:3: 1087 daAuts
     D:1: 582 daAuts
     D:6: 264 daAuts
     D:8: 250 daAuts
     D:7: 109 daAuts
     D:5: 49 daAuts
